AoeStats
← my name is bullet

Arabia

505055637Analyzed
1v1 RM · 24d ago on Sep 7, 2026· 41m 30s· 2 players
Game mode
Random Map
Map size
Tiny (2 player)
Population
200
Speed
Normal
Resources
Standard
Victory
Conquest
Starting age
Dark Age
Ending age
Imperial Age
RankedLock teamsTeams togetherTeam positionsShared explorationLock speedFull tech treeHidden civsTurbo modeCheats
Victory
Defeat
🇪🇸 Maya · Spain
927
+17
🇫🇷 Ethiopians · France
959
-17
GS
0:26 Loom
9:39 Feudal Age
10:13 Double-Bit Axe
11:55 Town Watch
15:41 Fletching
21:30 Castle Age
21:33 Elite Skirmisher
22:10 Bodkin Arrow
23:01 Bow Saw
22:32 Crossbowman
25:57 Wheelbarrow
28:05 Horse Collar
30:32 Heavy Plow
35:13 Imperial Age
35:07 Ballistics
36:59 Chemistry
36:11 Bracer
36:42 Conscription
36:28 Gold Mining
36:29 Stone Mining
37:06 Eagle Warrior
37:47 Scale Mail Armor
38:30 Thumb Ring
39:10 Chain Mail Armor
40:13 Careening
40:20 Hand Cart
41:32 Hul'che Javelineers
41:39 Padded Archer Armor
42:01 Town Patrol
my name is bullet
7:57 Loom
11:06 Feudal Age
14:33 Double-Bit Axe
14:44 Horse Collar
15:06 Fletching
16:28 Padded Archer Armor
19:35 Wheelbarrow
24:56 Castle Age
26:08 Thumb Ring
25:23 Crossbowman
26:01 Bodkin Arrow
27:44 Hand Cart
28:43 Bow Saw
31:30 Heavy Plow
32:41 Gold Mining
35:19 Ballistics
37:02 Heated Shot
40:19 Imperial Age
Connection lost

Rejoining the realm…

Still unreachable

The connection could not be restored.

Session expired

The server has moved on; the page needs a fresh start.